 Dungeon Sprint DCSS version 0.24-a0-170-gd8427f5 (webtiles) character file.

Game seed: 8192786967372967114

637 Dfrag the Blocker (level 7, -13/73 HPs)
             Began as a Deep Dwarf Fighter on Mar 10, 2019.
             Was a Priest of Makhleb.
             Splashed by an oklob plant's acid (14 damage)
             ... in the Dungeon (Sprint IV: "Fedhas' Mad Dash").
             The game lasted 00:01:49 (463 turns).

Dfrag the Blocker (Deep Dwarf Fighter)               Turns: 463, Time: 00:01:49

Health: -13/73     AC:  4    Str: 21    XL:     7   Next: 25%
Magic:  4/6        EV:  8    Int:  9    God:    Makhleb [***...]
Gold:   119        SH: 11    Dex: 12    Spells: 6/6 levels left

rFire    . . .     SeeInvis .   a - +0 war axe
rCold    . . .     Gourm    .   c - +0 shield
rNeg     . . .     Faith    .   b - +0 scale mail
rPois    .         Spirit   .   (no helmet)
rElec    .         Reflect  .   (no cloak)
rCorr    .         Harm     .   (no gloves)
MR       +....     NoTele   +   (no boots)
Stlth    ..........             l - amulet of invisibility {+Inv}
HPRegen  0.00/turn              (no ring)
MPRegen  0.10/turn              (no ring)

@: corroded, very slightly contaminated, non-regenerating, invisible
A: damage resistance, heal wounds, sense surroundings 1, no regeneration
a: Heal Wounds, Minor Destruction, Lesser Servant of Makhleb, Renounce Religion


You were in the Dungeon.
You worshipped Makhleb.
Makhleb was most pleased with you.
You were not hungry.

You visited 1 branch You collected 119 gold pieces.

Inventory:

Hand Weapons
 a - a +0 war axe (weapon)
Armour
 b - a +0 scale mail (worn)
 c - a +0 shield (worn)
Jewellery
 l - the amulet of invisibility (around neck) {+Inv}
   (You found it in the Dungeon)

   [amulet of nothing]

   It lets you turn invisible.
Scrolls
 k - a scroll of blinking
Potions
 e - a potion of curing
 h - a potion of haste
 i - 2 potions of magic
 m - a potion of lignification {unknown}
Comestibles
 f - 2 rations
 j - 2 chunks of flesh


   Skills:
 + Level 7.8 Fighting
 + Level 9.0 Axes
 + Level 9.3 Armour
 + Level 9.3 Shields


You had 6 spell levels left.
You didn't know any spells.
Your spell library was empty.

Dungeon Overview and Level Annotations

Branches:
Dungeon (1/1)

Altars:
Cheibriados
Dithmenos
Elyvilon
Gozag
Hepliaklqana
Kikubaaqudgha
Makhleb
Nemelex Xobeh
Okawaru
Qazlal
Ru
Sif Muna
Trog
Uskayaw
Vehumet
Wu Jian
Xom
Yredelemnul
Zin
The Shining One
Beogh
Jiyva
Lugonu

Shops:
D ?[

Annotations:
D exclusion: oklob plant


Innate Abilities, Weirdness & Mutations

You are resistant to damage.
You can heal yourself by infusing magical energy.
You passively map a small area around you.
You do not regenerate.


Message History

You start waiting.
You feel a little less mighty now.
You start waiting.
You are no longer poisoned.
You fail to use your ability.
You fade into invisibility!
You are very lightly contaminated with residual magic.
You feel quite a bit more hungry.
Really walk into a travel-excluded area?
The oklob plant spits acid at something.
The splash of acid hits you!!
* * * LOW HITPOINT WARNING * * *
The acid corrodes you!
You are splashed with acid!
* * * LOW HITPOINT WARNING * * *
There is an open door here.
The oklob plant spits acid at you. The splash of acid hits you!
* * * LOW HITPOINT WARNING * * *
The acid corrodes you!
You are splashed with acid!
You die...

#<..P#.....#.....#.
#PP..'.(...'.#[[.'.
#PPPP#.....#.#...#.
###############'##.
#...♣........'...#.
#.....†♣.....#...##
#.....♣..♣..######*
##'####'##### ,
#%@#


$$$+ *, #P[#P}### , , ###### * ** ** ,,,,, , , , , , , , , ,, , ,, ∩ , , , * ,
You could see an oklob plant.

Vanquished Creatures
  A queen bee (D)
  A scorpion (D)
  4 killer bees (D)
  4 oklob saplings (D)
  A worker ant (D)
  2 spriggans (D)
  A river rat (D)
  A rat (D)
15 creatures vanquished.

Notes
Turn   | Place    | Note
-------+----------+-------------------------------------------
     0 | D        | Dfrag the Deep Dwarf Fighter began the quest for the Orb.
     0 | D        | Reached XP level 1. HP: 20/20 MP: 1/1
    11 | D        | Reached XP level 2. HP: 19/28 MP: 2/2
    17 | D        | Noticed an oklob sapling
    20 | D        | Killed an oklob sapling
    20 | D        | Reached XP level 3. HP: 3/36 MP: 3/3
    26 | D        | Found the amulet of invisibility {+Inv}
    37 | D        | Reached skill level 5 in Armour
    37 | D        | Reached skill level 5 in Shields
   264 | D        | Found an opulent altar of Gozag.
   264 | D        | Found a hazy altar of Hepliaklqana.
   264 | D        | Found a burning altar of Makhleb.
   264 | D        | Found a roughly hewn altar of Beogh.
   264 | D        | Found a sparkling altar of Nemelex Xobeh.
   264 | D        | Found a snail-covered altar of Cheibriados.
   264 | D        | Found a sacrificial altar of Ru.
   264 | D        | Found a deep blue altar of Sif Muna.
   264 | D        | Found a shimmering altar of Xom.
   264 | D        | Found a basalt altar of Yredelemnul.
   265 | D        | Found a viscous altar of Jiyva.
   265 | D        | Found a bloodstained altar of Trog.
   265 | D        | Found an ornate altar of the Wu Jian Council.
   265 | D        | Noticed an oklob sapling priest
   266 | D        | Found an iron altar of Okawaru.
   266 | D        | Found a shadowy altar of Dithmenos.
   266 | D        | Found a glowing silver altar of Zin.
   267 | D        | Found an ancient bone altar of Kikubaaqudgha.
   267 | D        | Found a hide-covered altar of Uskayaw.
   268 | D        | Found a stormy altar of Qazlal.
   268 | D        | Found a white marble altar of Elyvilon.
   268 | D        | Found a glowing golden altar of the Shining One.
   269 | D        | Found a radiant altar of Vehumet.
   269 | D        | Found a corrupted altar of Lugonu.
   270 | D        | Became a worshipper of Makhleb the Destroyer
   276 | D        | Killed an oklob sapling priest
   276 | D        | Reached skill level 5 in Fighting
   276 | D        | Reached skill level 5 in Axes
   276 | D        | Reached XP level 4. HP: 14/46 MP: 2/4
   303 | D        | Reached XP level 5. HP: 17/52 MP: 4/4
   316 | D        | Reached * piety under Makhleb
   353 | D        | Found Giroxiv's Antique Armour Shop.
   353 | D        | Found Witosurgh's Magic Scroll Emporium.
   391 | D        | Reached ** piety under Makhleb
   405 | D        | Noticed a queen bee
   406 | D        | Noticed a burning bush
   417 | D        | Killed a queen bee
   417 | D        | Reached XP level 6. HP: 4/66 MP: 5/5
   427 | D        | Reached XP level 7. HP: 29/72 MP: 6/6
   428 | D        | Reached *** piety under Makhleb
   440 | D        | Noticed an oklob plant
   463 | D        | HP: 1/73 [oklob plant/splash of acid (6)]
   463 | D        | Splashed by an oklob plant's acid

Levels and vault maps discovered:
D:        dungeon_sprint_fedhas [sprint_temple]

Skill      XL: |  1  2  3  4  5  6  7 |
---------------+----------------------+-----
Fighting       | 3 5 7 |  7.8
Axes           | 3 4 5 8 9 |  9.0
Armour         | 4 6 8 9 |  9.3
Shields        | 4 6 8 9 |  9.3

Action                   |  1- 3 |  4- 6 |  7- 9 || total
-------------------------+-------+-------+-------++-------
Melee: War axe           |    25 |    34 |     3 ||    62
 Abil: Heal Wounds       |     1 |     2 |       ||     3
       Evoke Invisibilit |     1 |       |     1 ||     2
  Use: Potion            |       |     3 |       ||     3
Armor: Scale mail        |     7 |    12 |     2 ||    21
Dodge: Dodged            |     7 |    16 |       ||    23
Block: Shield            |     5 |    24 |     3 ||    32

Table legend:
 A = Non-vault XP
 B = Vault XP
 C = Vault XP percentage of total XP
 D = Non-vault monster count
 E = Vault monster count
 F = Vault count percentage of total count
                 A         B        C        D         E       F
            +---------+---------+-------+---------+---------+-------
      Total |       0 |     910 | 100.0 |       0 |      15 | 100.0
            +---------+---------+-------+---------+---------+-------
          D |       0 |     910 | 100.0 |       0 |      15 | 100.0
            +---------+---------+-------+---------+---------+-------
